 Dungeon Crawl Stone Soup version 0.23.2-33-g5129a83184 (webtiles) character file.

Game seed: 18443690072598254658

693 Wormgod the Ruffian (level 7, -7/67 HPs)
             Began as a Troll Berserker on June 29, 2019.
             Was a Priest of Trog.
             Killed from afar by an orc wizard (11 damage)
             ... with a magic dart
             ... on level 5 of the Dungeon.
             The game lasted 00:07:40 (2990 turns).

Wormgod the Ruffian (Troll Berserker)               Turns: 2990, Time: 00:07:42

Health: -7/67      AC: -6    Str: 28    XL:     7   Next: 37%
Magic:  6/6        EV: 11    Int:  3    God:    Trog [***...]
Gold:   182        SH:  0    Dex:  9    Spells: 6/6 levels left

rFire    . . .     SeeInvis .     - Unarmed
rCold    . . .     Gourm    +   (no shield)
rNeg     . . .     Faith    .   d - +0 robe
rPois    .         Spirit   .   (helmet restricted)
rElec    .         Reflect  .   (no cloak)
rCorr    .         Harm     .   (gloves unavailable)
MR       ++...                  (boots unavailable)
Stlth    +.........             (no amulet)
HPRegen  1.61/turn              (no ring)
MPRegen  0.10/turn              (no ring)

@: corroded, berserk cooldown, regenerating, slowed, very slow
A: large, unfitting armour, claws 3, fast metabolism 3, gourmand, regeneration
1, shaggy fur 1, tough skin 3
a: Berserk, Trog's Hand, Renounce Religion


You were on level 5 of the Dungeon.
You worshipped Trog.
Trog was most pleased with you.
You were not hungry.

You visited 1 branch of the dungeon, and saw 5 of its levels.

You collected 182 gold pieces.

Inventory:

Armour
 a - a +0 animal skin
 d - a +0 robe (worn)
Jewellery
 o - an uncursed ring of ice {unknown}
 s - a +4 ring of intelligence {unknown}
Wands
 j - a wand of random effects (25)
 q - a wand of enslavement (7)
Scrolls
 c - 4 scrolls of magic mapping {unknown}
 e - 2 scrolls of remove curse {unknown}
 h - a scroll of fog {unknown}
 i - 3 scrolls of random uselessness {unknown}
 k - a scroll of immolation {unknown}
 m - 3 scrolls of teleportation {unknown}
 n - 4 scrolls of identify {unknown}
 p - 3 scrolls of enchant armour {unknown}
 r - a scroll of enchant weapon {unknown}
Potions
 f - 2 potions of flight {unknown}
 g - a potion of mutation {unknown}
 l - 2 potions of invisibility {unknown}
Comestibles
 b - 10 rations


   Skills:
 + Level 3.4 Fighting
 + Level 4.4 Dodging
 + Level 6.8 Unarmed Combat


You had 6 spell levels left.
You didn't know any spells.
Your spell library contained the following spells:

 Spells                   Type           Power        Failure   Level  Hunger
 Freeze                   Ice            #...         52%         1    ##.....
 Throw Frost              Conj/Ice       #.....       67%         2    ###....
 Ozocubu's Armour         Chrm/Ice       #.......     88%         3    ####...
 Summon Ice Beast         Ice/Summ       #.......     99%         4    #####..
 Throw Icicle             Conj/Ice       #.......     99%         4    #####..


Dungeon Overview and Level Annotations

Branches:
Dungeon (5/15)             Temple (0/1) D:4

Altars:
Nemelex Xobeh
Ru
The Shining One


Innate Abilities, Weirdness & Mutations

You are too large for most types of armour.
You have claws for hands.
Your metabolism is lightning-fast.
You like to eat raw meat.
Your natural rate of healing is unusually fast.
You are covered in fur. (AC +1)
You have extremely tough skin. (AC +3)


Message History

* * * LOW HITPOINT WARNING * * *
You barely miss the orc wizard.
The orc wizard is lightly wounded.
The orc wizard hits you with a +0 club.
* * * LOW HITPOINT WARNING * * *
You barely miss the orc wizard.
The orc wizard is lightly wounded.
The orc wizard hits you with a +0 club.
* * * LOW HITPOINT WARNING * * *
You closely miss the orc wizard.
The orc wizard is lightly wounded.
The orc wizard hits you but does no damage.
You scratch the orc wizard but do no damage.
The orc wizard is lightly wounded.
The orc wizard points at you and mumbles some strange words.
The magic dart hits you.
* * * LOW HITPOINT WARNING * * *
The orc wizard casts a spell at you. The magic dart hits you!
You die...

#...........# #.
#...........# .# #.
#...........#### ... #.
##'#####.###.... ##.###.
#.# #.# #.###
........####.# #.# #.#
#........<.# #.# #.#
#....#####.#####.# #.###
#.....o@))....##.# #.(..
#.###[####)##(##.#######
##.####.##.#.........
#>...................
#..####.##.#..######.
#..# #.##.#..######.
#..####.##.#......##.
#.....#.##.#.####.#..
##.##.#.##.#.# #.##.


You could see an orc wizard.

Vanquished Creatures
  Purgy (D:4)
  An ice beast (D:5)
  A phantom (D:5)
  A howler monkey (D:4)
  A crimson imp (D:5)
  A jelly (D:5)
  An orc priest (D:3)
  Ijyb (D:4)
  An orc wizard (D:3)
  3 worker ants
  Robin (D:4)
  4 gnolls (D:4)
  3 adders
  An ooze (D:5)
  4 worms
  A dart slug (D:1)
  12 orcs
  A ball python (D:3)
  7 bats
  18 goblins
  7 hobgoblins
  6 kobolds
  A quokka (D:4)
  3 frilled lizards
  A leopard gecko skeleton (D:4)
  6 rats
88 creatures vanquished.

Notes
Turn   | Place    | Note
-------+----------+-------------------------------------------
     0 | D:1      | Wormgod the Troll Berserker began the quest for the Orb.
     0 | D:1      | Reached XP level 1. HP: 22/22 MP: 0/0
   176 | D:1      | Reached XP level 2. HP: 29/29 MP: 1/1
   612 | D:2      | Reached XP level 3. HP: 28/36 MP: 2/2
   625 | D:2      | Found a glowing golden altar of the Shining One.
   929 | D:3      | Reached XP level 4. HP: 37/44 MP: 3/3
   933 | D:3      | Reached ** piety under Trog
   935 | D:3      | Reached skill level 4 in Unarmed Combat
  1205 | D:3      | Reached XP level 5. HP: 53/53 MP: 4/4
  1885 | D:4      | Noticed Ijyb
  1891 | D:4      | Killed Ijyb
  1891 | D:4      | Reached skill level 5 in Unarmed Combat
  1989 | D:4      | Noticed Robin
  1999 | D:4      | Killed Robin
  2067 | D:4      | Found a staircase to the Ecumenical Temple.
  2112 | D:4      | Reached XP level 6. HP: 55/61 MP: 5/5
  2149 | D:4      | Found a sacrificial altar of Ru.
  2149 | D:4      | Found a sparkling altar of Nemelex Xobeh.
  2321 | D:4      | Noticed Purgy
  2329 | D:4      | Killed Purgy
  2598 | D:4      | Reached skill level 6 in Unarmed Combat
  2627 | D:5      | Entered Level 5 of the Dungeon
  2766 | D:5      | Noticed an ice beast
  2769 | D:5      | Killed an ice beast
  2769 | D:5      | Reached *** piety under Trog
  2769 | D:5      | Reached XP level 7. HP: 67/67 MP: 6/6
  2982 | D:5      | HP: 2/67 [orc wizard/+0 club (3)]
  2990 | D:5      | Killed from afar by an orc wizard

Skill      XL: |  1  2  3  4  5  6 |
---------------+-------------------+-----
Dodging        | 3 4 |  4.4
Unarmed Combat | 4 5 6 |  6.8
Fighting       | 3 |  3.4

Action                   |  1- 3 |  4- 6 |  7- 9 || total
-------------------------+-------+-------+-------++-------
Melee: Unarmed           |    85 |   138 |    37 ||   260
       Punch             |     1 |     3 |     1 ||     5
Invok: Berserk           |     1 |     3 |     1 ||     5
       Trog's Hand       |       |       |     1 ||     1
  Eat: Chunk             |    11 |    22 |       ||    33
Armor: Animal skin       |     1 |       |       ||     1
       Robe              |    42 |    44 |     3 ||    89
Dodge: Dodged            |    52 |    86 |    14 ||   152
